[Event "10th Iberoamericano-ch 2024"]
[Site "Linares"]
[Date "2024.09.29"]
[Round "7.1"]
[White "Avila Pavas, Santiago"]
[Black "Quesada Perez, Luis Ernesto"]
[Result "1-0"]
[ECO "C45"]
[WhiteElo "2485"]
[BlackElo "2578"]
[Annotator "RC"]
[PlyCount "51"]
[EventDate "2024.09.25"]
[EventType "swiss"]
[EventCountry "ESP"]
[SourceTitle "playchess.com"]
[Source "ChessBase"]
[SourceQuality "1"]
[TimeControl "5400+30"]

1. e4 e5 2. Nf3 Nc6 3. d4 exd4 4. Nxd4 Bc5 5. Nb3 Bb6 6. Nc3 Nge7 7. Bf4 O-O 8. Qd2 f5 9. exf5 Rxf5 10. Bd3 Rf8 11. Bc4+ Kh8 12. O-O-O d6 13. Rhe1 Bf5 14. f3 Bg6 15. Bg5 Bf7 16. Nd5 Qd7 17. Bxe7 Bxd5 18. Bxf8 Bxc4 19. Qc3 Rxf8 20. Qxc4 a5 21. Nc5 Bxc5 22. Qxc5 Qf7 23. Qd5 Qf4+ 24. Kb1 Qxh2 25. Qf7 Rg8 26. Re8 1-0

[Event "10th Iberoamericano-ch 2024"]
[Site "Linares"]
[Date "2024.09.29"]
[Round "7.2"]
[White "Henriquez Villagra, Cristobal"]
[Black "Garcia Ramos, Daniel"]
[Result "0-1"]
[ECO "D02"]
[WhiteElo "2604"]
[BlackElo "2415"]
[Annotator "TA"]
[PlyCount "84"]
[EventDate "2024.09.25"]
[EventType "swiss"]
[EventCountry "ESP"]
[SourceTitle "playchess.com"]
[Source "ChessBase"]
[SourceQuality "1"]
[TimeControl "5400+30"]

1. d4 d5 2. Nf3 Nf6 3. Bf4 e6 4. e3 Bd6 5. Ne5 O-O 6. Nd2 c5 7. c3 Qc7 8. Bd3 Nc6 9. Ndf3 {[%emt 0:00:15] The position is equal.} Ne4 10. O-O f6 11. Nxc6 Bxf4 12. exf4 bxc6 13. Qc1 c4 14. Bxe4 dxe4 15. Nd2 Qxf4 16. Re1 (16. Nxc4 Qc7 $14) 16... Rb8 17. b4 (17. Nxc4 Qxc1 18. Raxc1 (18. Rexc1 Ba6 $11) 18... Ba6 $15) 17... cxb3 $1 18. axb3 (18. Rxe4 b2 19. Rxf4 bxc1=B 20. Rxc1 Rb2 $15) 18... e5 (18... f5 $11 {keeps the balance.}) 19. Rxa7 ({White should play} 19. Rxe4 $16 Qf5 20. b4 (20. Rxa7 Rxb3 21. Re3 Rb7 $11)) 19... Bf5 20. g3 Qh6 21. Ra5 (21. Nxe4 $2 Qxc1 (21... Rxb3 22. Qxh6 gxh6 23. Rc7 $16) 22. Rxc1 Bxe4 $19) 21... Bg6 22. dxe5 fxe5 {[%emt 0:01:10][%cal Of8f2] ...Rxf2! would now be deadly.} 23. h4 ({Much worse is} 23. Rxe5 Rxf2 24. Nf1 (24. Kxf2 $2 Qxh2+ 25. Ke3 Qxg3+ 26. Ke2 Qxe5 $19) 24... Qxc1 25. Rxc1 Re2 $15) 23... Qh5 24. b4 Rbd8 {[%emt 0:00:47] Hoping for ...Qf5.} 25. Nf1 (25. Nxe4 $2 {perishes.} Bxe4 26. Qe3 Qf5 $19) 25... Qf5 (25... Rd3 {is more complex.} 26. Ne3 Qf3 27. Qb2 Rfd8) 26. Ra2 {[%emt 0:10:58] White is weak on the light squares} (26. Qc2 $1 $14) 26... h6 27. Kh2 {[%emt 0:02:39] Prevents Qh3+} Qh5 28. Rd2 Rd3 29. Kg1 (29. c4 $11) 29... Qf5 $1 $15 30. Re3 $1 Bh5 $36 {[%emt 0:03:16][%mdl 2048] White is under pressure.} 31. Qe1 Bf3 32. Kh2 {[%emt 0:02:12] Prevents Qh3+} Rd5 {[%emt 0:01:08] Black has more active pieces.} 33. Rxd5 cxd5 34. Nd2 $2 {[%emt 0:00:10] White does not recover from this.} ({Only move:} 34. Qd2 $15) 34... d4 $19 35. cxd4 exd4 36. Rb3 {[%emt 0:00:08] [#]} (36. Ra3 Be2 37. Kg2) 36... Bd1 $1 37. Qxd1 (37. Kg1 Bxb3) 37... Qxf2+ {[%emt 0:00:06] Black mates.} 38. Kh3 e3 39. Rb1 exd2 40. b5 Rf3 41. Qg1 {[%emt 0:00:06] [#]} Rxg3+ $3 42. Qxg3 Qf5+ {[%emt 0:00:03] Weighted Error Value: White=0.44/Black=0.07 (flawless) .  Mistake:       	White=5     	Black=1      Inaccurate:     	White=6     	Black=2      OK:         	White=11    	Black=9      Best:        	White=3     	Black=1      Strong:       	White=1     	Black=2      Brilliant:      	---       	Black=1} 0-1

[Event "10th Iberoamericano-ch 2024"]
[Site "Linares"]
[Date "2024.09.29"]
[Round "7.3"]
[White "Vallejo Pons, Francisco"]
[Black "Fernandez Guillen, Ernesto J."]
[Result "0-1"]
[ECO "C45"]
[WhiteElo "2657"]
[BlackElo "2463"]
[Annotator "RC"]
[PlyCount "116"]
[EventDate "2024.09.25"]
[EventType "swiss"]
[EventCountry "ESP"]
[SourceTitle "playchess.com"]
[Source "ChessBase"]
[SourceQuality "1"]
[TimeControl "5400+30"]

1. e4 e5 2. Nf3 Nc6 3. d4 exd4 4. Nxd4 Nf6 5. Nxc6 bxc6 6. e5 Qe7 7. Qe2 Nd5 8. c4 Qb4+ 9. Nd2 Nf4 10. Qe3 Ne6 11. Bd3 Qc5 12. Qg3 h5 13. Nb3 h4 14. Nxc5 hxg3 15. Nxe6 gxf2+ 16. Kxf2 dxe6 17. Be4 Bb7 18. Bf3 Bc5+ 19. Be3 Bxe3+ 20. Kxe3 Rh4 21. c5 Ke7 22. Rad1 Rah8 23. h3 f6 24. Rd3 Rc4 25. Rhd1 Bc8 26. Rc3 Rhh4 27. Rdc1 Rb4 28. b3 fxe5 29. Rc4 Ba6 30. Rxb4 Rxb4 31. Bxc6 Rd4 32. Be4 Bb5 33. h4 a5 34. a3 a4 35. bxa4 Rxa4 36. Rc3 Kd7 37. g4 Bc6 38. Bxc6+ Kxc6 39. Kf3 Kd5 40. h5 e4+ 41. Kg3 Kd4 42. Rb3 Ra5 43. Rb4+ Kd3 44. Rb3+ Kd4 45. Kf4 e5+ 46. Kf5 e3 47. Kg6 e2 48. Rb1 Rxa3 49. Re1 Ke3 50. Kxg7 Kf2 51. Rxe2+ Kxe2 52. g5 e4 53. h6 e3 54. h7 Ra8 55. g6 Kd3 56. Kf6 e2 57. g7 e1=Q 58. g8=Q Qf2+ 0-1

[Event "10th Iberoamericano-ch 2024"]
[Site "Linares"]
[Date "2024.09.29"]
[Round "7.4"]
[White "Ladron De Guevara Pinto, Paolo"]
[Black "Pichot, Alan"]
[Result "0-1"]
[ECO "E49"]
[WhiteElo "2371"]
[BlackElo "2628"]
[Annotator "TA"]
[PlyCount "120"]
[EventDate "2024.09.25"]
[EventType "swiss"]
[EventCountry "ESP"]
[SourceTitle "playchess.com"]
[Source "ChessBase"]
[SourceQuality "1"]
[TimeControl "5400+30"]

1. d4 Nf6 2. c4 e6 3. Nc3 Bb4 4. e3 O-O 5. Bd3 d5 6. a3 Bxc3+ 7. bxc3 c6 8. Ne2 Qc7 9. a4 e5 10. cxd5 cxd5 11. dxe5 Qxe5 12. Ba3 Re8 13. Bc5 Nc6 14. Bd4 Qg5 15. O-O Nxd4 16. cxd4 h5 17. Nf4 h4 18. h3 Bd7 19. Rb1 Bc6 20. Bb5 Re7 21. Bxc6 bxc6 22. Rc1 Rc8 23. Nd3 Qf5 24. Nc5 Ne8 25. a5 Nd6 26. Rb1 g5 27. a6 Qg6 28. Rb3 Kh7 29. Kh1 Rg8 30. Nd3 f6 31. Qe2 Rgg7 32. Rc1 Nc4 33. Rcb1 (33. Rb8 Re8 34. Rb7 Kh6 $16) 33... g4 ({Black should try} 33... Re8 $14) 34. Qxg4 $2 ({White must play} 34. hxg4 $1 $18 f5 35. Nf4 Qxg4 36. Rb8 Qxe2 (36... Qxf4 $2 37. Qh5+ Qh6 38. Rh8+ Kxh8 39. Qxh6+ Kg8 40. Rb8+ Kf7 41. Rb7 $18) 37. Nxe2) 34... Qxg4 $11 35. hxg4 Nd2 36. Kh2 Nxb1 37. Rxb1 Rxg4 38. Rc1 Re6 39. Nc5 Re8 40. Nd7 Rg6 $1 41. Rxc6 {[%emt 0:00:41] [#]} f5 (41... Kg7 42. Rc7 Re7 43. Kh3 $16 (43. Rxa7 f5 $11)) ({Black should play} 41... Rd8 $1 $17 42. Rd6 (42. Nxf6+ $2 Kh8 $19) 42... Kg7 43. Rxd5 f5) 42. Rc7 $11 Kh6 43. Ne5 (43. Rxa7 $11 Reg8 44. Kh3) 43... Rxa6 $15 44. Rf7 Ra1 45. Rxf5 a5 46. Ng4+ Kg6 47. Rxd5 Ra8 $1 48. Rd6+ {[%emt 0:00:11] [#]} Kf7 $1 49. Ne5+ Ke7 ({Better is} 49... Kf8 $17 {aiming for ...a4.} 50. Rh6 Kg7 51. Rg6+ (51. Rxh4 $2 Rh8 $19) 51... Kh7) 50. Rh6 $11 a4 51. d5 $2 (51. Rxh4 $2 a3 52. Nc6+ Kf6 $19) (51. e4 $11) 51... Rd1 $19 52. Re6+ $2 (52. d6+ Rxd6 53. Nc6+ Kd7 54. Ne5+ Kc7 55. Rh7+ Kc8 56. Nc4) 52... Kd8 $2 (52... Kf8 $19 {[%cal Oa4a3] ...a3! would now be deadly.} 53. Nc4 a3 (53... Rxd5 54. Nb6 $11) 54. Nxa3 Rxa3 55. Rf6+ Ke7) 53. Rh6 $11 Ke7 $2 (53... Rxd5 $2 54. Rh8+ Ke7 55. Nc6+ (55. Rxa8 Rxe5 56. Rxa4 Kf6 $18) 55... Kd7 56. Rxa8 $18) (53... Kc8 $11) 54. Re6+ $1 $19 Kf8 55. Nd7+ Kf7 56. Ne5+ Kg7 57. Re7+ Kf8 58. Rh7 (58. d6 $142 Rxd6 59. Rh7) 58... Kg8 $19 (58... Rxd5 $2 {is the wrong capture.} 59. Rh8+ Ke7 60. Nc6+ (60. Rxa8 Rxe5 61. Rxa4 Kf7 $18) 60... Kd7 61. Rxa8 $18) 59. Rd7 a3 60. Ng4 Ra6 ({Weaker is} 60... a2 61. Nf6+ Kf8 62. Nh7+ Ke8 63. Nf6+ Kf8 64. Nh7+ Ke8 65. Nf6+ Kf8 $11) 0-1

[Event "10th Iberoamericano-ch 2024"]
[Site "Linares"]
[Date "2024.09.29"]
[Round "7.5"]
[White "Iturrizaga Bonelli, Eduardo"]
[Black "Oro, Faustino"]
[Result "1-0"]
[ECO "A08"]
[WhiteElo "2577"]
[BlackElo "2434"]
[Annotator "TA"]
[PlyCount "71"]
[EventDate "2024.09.25"]
[EventType "swiss"]
[EventCountry "ESP"]
[SourceTitle "playchess.com"]
[Source "ChessBase"]
[SourceQuality "1"]
[TimeControl "5400+30"]

1. Nf3 d5 2. g3 c5 3. Bg2 e6 4. O-O Nf6 5. c4 d4 6. e3 Nc6 7. exd4 cxd4 8. d3 Bd6 9. a3 a5 10. Bg5 h6 {[%emt 0:01:19] The position is equal.} 11. Bxf6 gxf6 12. Nbd2 Kf8 13. Rc1 a4 14. Re1 Ra5 15. Rc2 f5 16. Qc1 Qe7 (16... Be7 $11 {remains equal.}) 17. b4 $1 $16 axb3 18. Nxb3 Rxa3 19. Nfxd4 {[%emt 0:06:51] Hoping for c5.} Bb4 20. Nxc6 (20. Nxf5 $2 Qf6 21. Nh4 (21. Bxc6 $2 exf5 22. Bd5 Rxb3 $19) 21... Rxb3 $19) 20... bxc6 21. Qb2 Kg8 22. Ra1 {[%emt 0:01:57] White is more active.} Bd7 $2 {[%emt 0:03:18][%mdl 8192] Loses the game.} (22... Rxa1+ $16 {is a better defense.} 23. Qxa1 Qd8) 23. c5 $1 $18 Rxa1+ 24. Qxa1 Kh7 25. Rc4 Rb8 26. Qa7 $1 Qe8 {[%emt 0:03:34] [#]} 27. Rd4 $1 Bc3 28. Rxd7 Rxb3 29. Rxf7+ Kg6 {[%emt 0:00:21] [#]} 30. Bf3 $1 {[%emt 0:13:53][%cal Oh2h4] aiming for h4!} Rb1+ $2 (30... Qxf7 31. Bh5+ Kf6 32. Qxf7+ Ke5 33. Qc7+ Kf6 34. f4 (34. Qxc6 Bd4 $18) 34... Bd4+ 35. Kg2 Rb2+ 36. Kh3) (30... Be5 31. Re7 Bb8 32. Rxe8 Bxa7 33. Rxe6+ (33. Bxc6 Bxc5 34. Rxe6+ Kg7 $16) 33... Kf7) 31. Kg2 {[%emt 0:00:06][%cal Oh2h4] Black must now prevent h4! White is clearly winning.} Ra1 32. Qc7 {[%emt 0:00:49][%cal Oh2h4] White threatens h4! and mate.} ({Not} 32. Re7 Rxa7 33. Rxe8 Kf7 34. Bh5+ (34. Bxc6 Bd4 $11) 34... Kf6 $14) 32... Ba5 33. Qb7 {[%emt 0:01:00] Threatening mate with Rg7+.} (33. Qxc6 $2 {loses.} Qxc6 (33... Qxf7 $2 34. d4 $19) 34. Bxc6 Kxf7 $19) 33... Rb1 34. Rg7+ Kf6 35. Qxb1 {[%emt 0:00:05] Qb2+ would kill now.} Kxg7 36. Qa1+ {[%emt 0:00:04] Weighted Error Value: White=0.14 (very precise) /Black=0.60.  Loses game:     	---       	Black=1      Mistake:       	---       	Black=2      Inaccurate:     	White=1     	Black=3      OK:         	White=7     	Black=6      Best:        	White=1     	Black=3      Strong:       	White=5     	---} 1-0

[Event "10th Iberoamericano-ch 2024"]
[Site "Linares"]
[Date "2024.09.29"]
[Round "7.6"]
[White "Fier, Alexandr"]
[Black "Romero Calduch, Sergio"]
[Result "1-0"]
[ECO "B12"]
[WhiteElo "2551"]
[BlackElo "2276"]
[Annotator "TA"]
[PlyCount "109"]
[EventDate "2024.09.25"]
[EventType "swiss"]
[EventCountry "ESP"]
[SourceTitle "playchess.com"]
[Source "ChessBase"]
[SourceQuality "1"]
[TimeControl "5400+30"]

1. e4 c6 2. d4 d5 3. e5 Bf5 4. Nf3 e6 5. Be2 c5 6. c3 Nc6 7. O-O h6 8. Be3 cxd4 9. Nxd4 Nge7 {[%emt 0:12:28] The position is equal.} 10. Bb5 a6 11. Bxc6+ Nxc6 (11... bxc6 $11 12. b4 a5) 12. Nxf5 $16 exf5 13. Nd2 Be7 14. Nf3 O-O 15. Qd3 Qd7 16. Rad1 d4 17. Nxd4 Nxe5 18. Qxf5 Qxf5 19. Nxf5 Bf6 20. Nd6 {[%emt 0:01:58] White is much more active.} b5 21. Bc5 Rfd8 22. Ne4 Nd3 (22... Bh4 $16 23. b3 Rd3) 23. Nxf6+ gxf6 24. Be7 Re8 25. Rxd3 Rxe7 $18 {[%emt 0:00:05][%mdl 4096] Endgame. KRR-KRR} 26. Rfd1 Re2 {[%emt 0:01:55] [#]} 27. R3d2 Rae8 28. Kf1 {[%emt 0:00:05] Prevents Re1+} R2e4 29. a3 Kg7 30. g3 R8e5 31. Kg2 Rc5 32. Kf3 Re6 33. Rd5 Rxd5 34. Rxd5 {[%emt 0:00:04] KR-KR} Re1 (34... Kf8 $142 35. Rd4 h5) 35. Rd6 Rb1 36. Rd2 ({Don't play} 36. Rxa6 $6 Rxb2 37. a4 b4 $16) 36... Re1 37. Re2 Rh1 38. h4 Kg6 39. Ke3 Rd1 (39... f5 {keeps fighting.} 40. Rd2 Re1+ 41. Re2 Rd1) 40. Rd2 Re1+ 41. Kd4 Re5 42. c4 {[%emt 0:00:05] [#] Black must now prevent c5.} bxc4 43. Kxc4 Re6 44. b4 f5 45. Kc5 {[%emt 0:01:07] Wards off Rc6+. aiming for Rd6.} f6 46. a4 Re5+ 47. Kb6 Re4 48. Rb2 Re6+ 49. Kc7 f4 50. b5 axb5 51. axb5 {[%emt 0:00:05] Intending b6 and mate.} fxg3 52. fxg3 {[%emt 0:00:03] White mates.} Re7+ 53. Kd6 Re8 54. b6 Kh5 55. b7 {[%emt 0:00:23] Black got outplayed after the opening.   Weighted Error Value: White=0.07 (flawless) /Black=0.40.  Mistake:       	---       	Black=4      Inaccurate:     	---       	Black=3      OK:         	White=20    	Black=13     Best:        	White=2     	---} 1-0

[Event "10th Iberoamericano-ch 2024"]
[Site "Linares"]
[Date "2024.09.29"]
[Round "7.7"]
[White "Flores Quillas, Diego Saul Rodri"]
[Black "Salinas Herrera, Pablo"]
[Result "1/2-1/2"]
[ECO "C84"]
[WhiteElo "2451"]
[BlackElo "2479"]
[Annotator "TA"]
[PlyCount "94"]
[EventDate "2024.09.25"]
[EventType "swiss"]
[EventCountry "ESP"]
[SourceTitle "playchess.com"]
[Source "ChessBase"]
[SourceQuality "1"]
[TimeControl "5400+30"]

1. e4 e5 2. Nf3 Nc6 3. Bb5 a6 4. Ba4 Nf6 5. O-O Be7 6. d4 exd4 7. e5 Ne4 8. Nxd4 O-O 9. Nf5 d5 10. Bxc6 bxc6 11. Nxe7+ Qxe7 12. Re1 Rd8 {[%emt 0:04:32] C84: Closed Ruy Lopez: Unusual White 6th moves.} 13. f3 $146 ({Predecessor:} 13. Bf4 Bf5 14. Nd2 Nxd2 15. Qxd2 d4 16. Bg5 f6 17. exf6 Qf7 18. Re7 Qh5 19. Rxg7+ Kh8 20. Re1 Rg8 21. Qf4 Bg6 22. Rxg8+ Rxg8 23. f7 {1-0 Zhalmakhanov,R (2396)-Jarmula,L (2457) Titled Tuesday intern op 15th Nov Late blitz 2022 (6)}) 13... Ng5 14. Qd2 Qc5+ 15. Kh1 Ne6 16. b3 Qd4 17. c3 Qxd2 18. Nxd2 a5 19. a4 Ba6 20. Ba3 Rab8 21. g3 Bd3 22. Kg2 (22. Ra2 $15) 22... Bc2 $1 $17 23. f4 {[%emt 0:03:32] [#]} Re8 (23... Bxb3 $2 24. f5 $18) (23... g6 $142 $1 24. Rec1 Bxb3) 24. Kf3 h5 25. g4 (25. Kf2 $142) 25... hxg4+ 26. Kxg4 {[%emt 0:00:04] [#]} g6 $1 (26... Bxb3 27. f5 Nf8 28. Kf4 $17) 27. Rac1 Bxb3 (27... Bf5+ {simplifies} 28. Kg3 c5 29. Rf1 Kg7) 28. f5 gxf5+ 29. Kxf5 Ng7+ 30. Kf4 Bxa4 31. Rg1 Re6 32. Rg4 (32. Nf3 $17) 32... Rg6 $19 33. Rxg6 fxg6 34. Kg4 (34. Kg5 $17) 34... Re8 35. Nf3 Kf7 ({Better is} 35... Bb5 $17 {Threatens to win with ...Be2.} 36. Rc2 Bd3) 36. Rf1 (36. Ng5+ $1 $11 {was the only way to keep the balance.} Kg8 37. Rf1) 36... Ne6 (36... Nf5 $17 {White must now prevent ...Ne3+.} 37. Bc5 Rh8) 37. Kh4 (37. Ng5+ $15 Kg7 38. Rf7+ Kg8 39. Rf6 Bd1+ 40. Kh4 Nxg5 41. Kxg5 Rxe5+ 42. Kh6) 37... Kg8 (37... Kg7 $142 {And now ...c5 would win.} 38. Ra1 Bb5) 38. Nd4 $17 Ng7 (38... Nd8 $17 39. Re1 Kf7 40. Rf1+ Kg7) 39. Kg5 $11 Bb5 (39... Rxe5+ 40. Kxg6 c5 41. Bxc5 Be8+ 42. Kf6) 40. Rf3 Ba4 41. Kxg6 c5 $1 (41... Bd1 42. Rf1 Bh5+ 43. Kh6 $18) 42. Bxc5 Ne6 $1 43. Ba3 c5 44. Nxe6 Rxe6+ 45. Kf5 Bd7 46. Kf4 (46. Rd3 $1 $14) 46... Rc6 47. h4 Be6 1/2-1/2

[Event "10th Iberoamericano-ch 2024"]
[Site "Linares"]
[Date "2024.09.29"]
[Round "7.8"]
[White "Gines Esteo, Pedro Antonio"]
[Black "Lopez Martinez, Josep Manuel"]
[Result "1/2-1/2"]
[ECO "A05"]
[WhiteElo "2477"]
[BlackElo "2448"]
[Annotator "RC"]
[PlyCount "117"]
[EventDate "2024.09.25"]
[EventType "swiss"]
[EventCountry "ESP"]
[SourceTitle "playchess.com"]
[Source "ChessBase"]
[SourceQuality "1"]
[TimeControl "5400+30"]

1. Nf3 d5 2. g3 Nf6 3. Bg2 e6 4. O-O Be7 5. d3 O-O 6. Bf4 Nh5 7. Bd2 Nf6 8. Re1 Nc6 9. e4 dxe4 10. dxe4 e5 11. Nc3 Be6 12. Bg5 Bb4 13. Qd3 Qxd3 14. cxd3 Rfd8 15. Red1 Rd7 16. a3 Be7 17. b4 a6 18. h3 Rad8 19. Bf1 h6 20. Be3 Nh7 21. Rab1 Ng5 22. Nxg5 hxg5 23. Rdc1 Nd4 24. Na4 c6 25. Nc5 Bxc5 26. bxc5 Nf3+ 27. Kg2 g4 28. Be2 Nd4 29. Bxg4 Bxg4 30. hxg4 Ne6 31. Rc3 Rxd3 32. Rxd3 Rxd3 33. Rxb7 Rxa3 34. Rb8+ Kh7 35. Rc8 Ra4 36. Kf3 Rc4 37. Rxc6 a5 38. Ra6 a4 39. c6 f6 40. Ke2 Nc5 41. Bxc5 Rxc5 42. Kd3 a3 43. f4 a2 44. Rxa2 Rxc6 45. Ra5 exf4 46. gxf4 Rb6 47. g5 Kg6 48. gxf6 gxf6 49. Kd4 Rb1 50. Kd5 Rd1+ 51. Ke6 Rd4 52. f5+ Kg5 53. e5 fxe5 54. Rxe5 Ra4 55. Rb5 Ra6+ 56. Ke5 Rf6 57. Ke4 Ra6 58. Ke5 Rf6 59. Ke4 1/2-1/2

[Event "10th Iberoamericano-ch 2024"]
[Site "Linares"]
[Date "2024.09.29"]
[Round "7.9"]
[White "Garrido Outon, Alex"]
[Black "Garcia Fernandez, Victor"]
[Result "1-0"]
[ECO "B33"]
[WhiteElo "2448"]
[BlackElo "2353"]
[Annotator "TA"]
[PlyCount "65"]
[EventDate "2024.09.25"]
[EventType "swiss"]
[EventCountry "ESP"]
[SourceTitle "playchess.com"]
[Source "ChessBase"]
[SourceQuality "1"]
[TimeControl "5400+30"]

1. e4 c5 2. Nf3 Nc6 3. d4 cxd4 4. Nxd4 Nf6 5. Nc3 e5 6. Nde2 Bc5 7. Ng3 d6 {[%emt 0:14:31] Strongly threatening ...Ng4.} 8. Na4 Bb4+ 9. c3 Ba5 {[%emt 0:00:07] The position is equal.} 10. b4 Bc7 11. Bd3 O-O 12. O-O h6 13. h3 d5 14. exd5 Nxd5 15. Qf3 Nce7 16. Rd1 Qe8 17. Bc2 Nb6 ({Black should try} 17... Qc6 $14) 18. Nxb6 $16 {[%emt 0:12:28] White leaves nothing to chance now.} axb6 19. Qe4 $40 {[%emt 0:12:34][%mdl 128] Black is in trouble. White has more active pieces.} Ng6 20. Nf5 Bxf5 21. Qxf5 Qc6 (21... e4 $16 {was necessary.} 22. Bxe4 Be5) 22. Be4 $18 Qxc3 23. Bd2 Qb2 24. Rac1 (24. Bxb7 Rad8 25. Be3 Qxb4 $11) 24... Bd6 {[%emt 0:00:42] [#]} (24... Bd8 25. g3 (25. Bxb7 Rxa2 26. Rb1 Qd4 $16) 25... Bf6 26. Bxh6 (26. Bxb7 Rad8 $16) 26... Rfd8 27. Rxd8+ (27. Bxb7 Rxd1+ 28. Rxd1 Rxa2 $16) 27... Rxd8) 25. h4 (25. Bxb7 Rad8 $16 (25... Rxa2 26. Be4 $18)) 25... h5 $2 (25... Rfd8 {was worth a try.} 26. Bd5 (26. Bxb7 Ne7 $16) 26... Nh8) 26. Qxh5 (26. g4 $142 Rfd8 27. gxh5 (27. Qxh5 Bc5 $17) (27. Bd5 Nh8 $18)) 26... Rad8 $2 (26... Be7 27. Bc3 (27. Bxb7 Rad8 $16) 27... Qa3) 27. Qf5 (27. Bxb7 Be7 28. Be3 Nf4 29. Bxf4 Rxd1+ 30. Rxd1 exf4 $16) 27... Rfe8 (27... Be7 $142) 28. Bg5 {[%emt 0:04:10] [#] Black must now prevent h5. This pair of bishops is nice.} (28. Bxb7 Bxb4 29. Rb1 Rxd2 $16) 28... Be7 29. Rxd8 (29. Bxb7 Nxh4 30. Qg4 (30. Bxh4 Bxh4 31. g3 g6 $11) 30... Rxd1+ 31. Rxd1 Bxg5 32. Qxg5 Qxb4 $11) (29. Bd5 Rxd5 30. Rxd5 Bxg5 $16) 29... Rxd8 30. Rc7 ({Worse is} 30. Bxb7 Nxh4 31. Qg4 Bxg5 32. Qxg5 f6 $15) 30... Bf6 31. Bxf6 {[%emt 0:00:53] White mates.} (31. Bxb7 Qxb4 32. Be4 (32. Bxf6 gxf6 33. Be4 Qd6 $18) 32... Qd6 $18) 31... gxf6 32. Qxf6 Rf8 33. Bxg6 {[%emt 0:00:15] Weighted Error Value: White=0.43/Black=1.00.  Mistake:       	White=1     	Black=6      Inaccurate:     	White=2     	Black=2      OK:         	White=10    	Black=5      Best:        	---       	Black=1} 1-0

[Event "10th Iberoamericano-ch 2024"]
[Site "Linares"]
[Date "2024.09.29"]
[Round "7.10"]
[White "Sos Andreu, Eric"]
[Black "Horcajuelo Rocamora, Martin"]
[Result "1/2-1/2"]
[ECO "E04"]
[WhiteElo "2359"]
[BlackElo "2394"]
[Annotator "RC"]
[PlyCount "163"]
[EventDate "2024.09.25"]
[EventType "swiss"]
[EventCountry "ESP"]
[SourceTitle "playchess.com"]
[Source "ChessBase"]
[SourceQuality "1"]
[TimeControl "5400+30"]

1. d4 Nf6 2. c4 e6 3. Nf3 d5 4. g3 dxc4 5. Bg2 c5 6. O-O Nc6 7. Qa4 Bd7 8. Qxc4 b5 9. Qd3 c4 10. Qc2 Be7 11. e4 O-O 12. Qe2 Rc8 13. Rd1 Na5 14. d5 exd5 15. e5 Ne8 16. Nc3 Nc7 17. Nxd5 Nxd5 18. Rxd5 Nc6 19. Bh3 Bxh3 20. Rxd8 Rfxd8 21. Bg5 Bxg5 22. Nxg5 Bf5 23. Rd1 h6 24. Rxd8+ Rxd8 25. Ne4 Rd3 26. Nd6 Nd4 27. Qh5 Be6 28. f4 Bd5 29. Nf5 Bf3 30. Qh3 Be4 31. Nxd4 Rxd4 32. e6 fxe6 33. Qxe6+ Kh7 34. f5 Rd1+ 35. Kf2 Bd3 36. g4 b4 37. Qc6 Rd2+ 38. Kg3 Re2 39. f6 gxf6 40. Qxf6 Bg6 41. h4 h5 42. g5 c3 43. bxc3 bxc3 44. Qxc3 Rxa2 45. Qc7+ Kh8 46. Qd8+ Kh7 47. Qf8 Ra6 48. Kf2 Re6 49. Qc5 Re8 50. Qxa7+ Kh8 51. Kf3 Rf8+ 52. Ke3 Rf7 53. Qb8+ Kh7 54. Kd4 Rf1 55. Qc7+ Rf7 56. Qc1 Rf5 57. Qe3 Kh8 58. Qe6 Kh7 59. Qd6 Kg7 60. Qe7+ Rf7 61. Qe6 Rf5 62. Qe7+ Rf7 63. Qd8 Rf5 64. Qb6 Kh7 65. Qa6 Kg7 66. Qa7+ Rf7 67. Qa1 Rf5 68. Kc4+ Kh7 69. Qd4 Bf7+ 70. Kb4 Bg6 71. Qa1 Kg8 72. Qa7 Kh8 73. Kc3 Rf7 74. Qb6 Kh7 75. Kd4 Rf5 76. Qa7+ Rf7 77. Qa2 Rf5 78. Qe6 Kg7 79. Qe7+ Rf7 80. Qe5+ Kh7 81. Qd6 Rf5 82. Ke4 1/2-1/2

[Event "10th Iberoamericano-ch 2024"]
[Site "Linares"]
[Date "2024.09.29"]
[Round "7.11"]
[White "Marin Ferragut, Pau"]
[Black "Vega Gutierrez, Sabrina"]
[Result "0-1"]
[ECO "B27"]
[WhiteElo "2348"]
[BlackElo "2374"]
[Annotator "RC"]
[PlyCount "62"]
[EventDate "2024.09.25"]
[EventType "swiss"]
[EventCountry "ESP"]
[SourceTitle "playchess.com"]
[Source "ChessBase"]
[SourceQuality "1"]
[TimeControl "5400+30"]

1. e4 c5 2. Nf3 g6 3. c3 d5 4. e5 a6 5. d4 Nc6 6. h3 Bg7 7. Be2 f6 8. Bf4 fxe5 9. dxe5 Nh6 10. Bd3 O-O 11. Bh2 Qb6 12. b3 Nf7 13. Bc2 d4 14. Qe2 dxc3 15. O-O Nd4 16. Nxd4 cxd4 17. Bd3 Qc5 18. f4 Bf5 19. Rc1 Bxd3 20. Qxd3 Nd8 21. Nd2 Ne6 22. g3 Qb5 23. Nc4 Rad8 24. h4 Qd5 25. b4 Qb5 26. a4 Qxb4 27. Rcb1 Nc5 28. Qe2 d3 29. Qa2 Qxa4 30. Qxa4 Nxa4 31. Rxa4 b5 0-1

[Event "10th Iberoamericano-ch 2024"]
[Site "Linares"]
[Date "2024.09.29"]
[Round "7.12"]
[White "Santos Flores, Alberto"]
[Black "Rodriguez Vila, Andres"]
[Result "0-1"]
[ECO "E70"]
[WhiteElo "2168"]
[BlackElo "2417"]
[Annotator "RC"]
[PlyCount "58"]
[EventDate "2024.09.25"]
[EventType "swiss"]
[EventCountry "ESP"]
[SourceTitle "playchess.com"]
[Source "ChessBase"]
[SourceQuality "1"]
[TimeControl "5400+30"]

1. d4 Nf6 2. c4 g6 3. Nc3 Bg7 4. e4 d6 5. Bg5 c5 6. d5 b5 7. cxb5 a6 8. bxa6 O-O 9. Qd2 Qa5 10. f3 Nbd7 11. a4 Bxa6 12. Bxa6 Rxa6 13. Nge2 Rb8 14. O-O Rb4 15. Qc2 Qb6 16. Nb5 c4+ 17. Kh1 Nc5 18. Be3 Nfd7 19. Bd4 Ne5 20. Bc3 Rbxa4 21. Rxa4 Nxa4 22. Nbd4 Nd3 23. b3 Nxc3 24. Qxc3 cxb3 25. Qxd3 b2 26. Nb5 Ra1 27. Nec3 Rc1 28. Nb1 Qf2 29. Rd1 Qe1+ 0-1